 Dungeon Sprint DCSS version 0.16-a0-4088-g7c8221e (console) character file.

17500000 Monkaria the Conqueror (level 27, -25/273 HPs)
             Began as a Ghoul Fighter on Feb 23, 2015.
             Was the Champion of Makhleb.
             Annihilated by a sculptor of flesh
             ... wielding a +9 great sword
              (206 damage)
             ... in the Dungeon (Sprint VIII: "Arena of Blood").
             The game lasted 00:06:15 (175 turns).

Monkaria the Conqueror (Ghoul Fighter)               Turns: 175, Time: 00:06:16

Health: -25/273    AC: 13    Str: 24    XL:     27
Magic:  47/49      EV: 22    Int: 10    God:    Makhleb [******]
Gold:   0          SH:  0    Dex: 10    Spells: 0 memorised, 80 levels left

rFire  . . .     SeeInvis .     i - +∞ Axe of Woe
rCold  + . .     Clarity  .     b - +0 scale mail
rNeg   + + +     SustAb   .     (no shield)
rPois  ∞         Gourm    .     (no helmet)
rElec  .         Spirit   .     (no cloak)
rCorr  .         Warding  .     (no gloves)
rMut   .         NoTele   +     (no boots)
MR     ++...                    (no amulet)
Stlth  ++++++++..               l - +250 ring of slaying
                                g - +200 ring of slaying

@: rotting, slowed, very slow, very resistant to hostile enchantments,
extraordinarily stealthy
A: rotting body, claws 1, carnivore 3, cold resistance 1, negative energy
resistance 3, poison resistance, slow healing 1, torment resistance, unbreathing
a: Minor Destruction, Lesser Servant of Makhleb, Major Destruction, Greater
Servant of Makhleb, Renounce Religion


You were in the Dungeon.
You worshipped Makhleb.
Makhleb was exalted by your worship.
You were not hungry.

You visited 1 branch

Inventory:

Hand weapons
 a - a +0 war axe
 i - the +∞ Axe of Woe (weapon)
   (You found it in the Dungeon)
Armour
 b - a +0 scale mail (worn)
 c - a +0 shield
Jewellery
 g - a +200 ring of slaying (left claw)
 k - a +200 ring of slaying
 l - a +250 ring of slaying (right claw)
Scrolls
 j - a scroll of blinking
Potions
 d - a potion of curing
 e - a potion of might
 f - a potion of heal wounds
 h - 2 potions of magic


   Skills:
 O Level 27 Fighting
 O Level 27 Axes
 O Level 27 Throwing
 O Level 27 Armour
 O Level 27 Dodging
 O Level 27 Stealth
 O Level 27 Shields
 O Level 27 Unarmed Combat
 O Level 27 Spellcasting
 O Level 27 Invocations


You had 80 spell levels left.
You didn't know any spells.

Dungeon Overview and Level Annotations

Branches:
Dungeon (1/1)

Altars:
Makhleb


Innate Abilities, Weirdness & Mutations

Your body is rotting away.
You thrive on raw meat.
You have sharp fingernails.
You are carnivorous and can eat meat at any time.
Your flesh is cold resistant.
You are immune to negative energy.
Your system is resistant to poisons.
You heal slowly when monsters are visible.
You are immune to unholy pain and torment.
You can survive without breathing.


Message History

You butcher the sculptor of flesh messily.
You destroy the sculptor of flesh!
Makhleb accepts your kill.
You hear a shout! x5
Two crawling corpses merge to form a small abomination.
The eight-headed meat hydra moves out of view.
The fleshlord casts a spell at you.
You feel as though you will be slow longer.
You hear a shout! x3 3 orcs come into view.
Unknown command.
You hear a shout!
The meat berserker rages.
You hear a shout!
Deactivating autopickup; reactivate with Ctrl-A.
You convulse!
You hear a shout! x6
The sculptor of flesh hits you with a +9 great sword!!!!!
Ouch! That really hurt!
You die...

... .o....... ....
#o.o....# .#...
#oW.....#
......###.... ..###.
............###......
....#...).)x._......
..#.....))#O)...#..
#........))#_)<)_#
..#p...)))#@)...#..
.p...#...)))zx_..pD..
...........p###......
.......###.......###.
....... #.......#
...... #.......#
..... ......... #...
....... O ......


You could see an eight-headed meat hydra, 2 fleshlords, a sculptor of flesh, a
dread, a meat berserker (berserk), a small abomination and 4 bags of meat.

Vanquished Creatures
  Dispater (D)
  Edmund (D)
  Harold (D)
  7 great orbs of eyes (D)
  6 greater mummies (D)
  9 hell beasts (D)
  9 hell knights (D)
  4 hill giants (D)
  16 hydras (D)
  5 liches (D)
  26 ogres (D)
  43 orcs (D)
  3 phantoms (D)
  5 skeletal warriors (D)
  12 vampire knights (D)
  8 wraiths (D)
  8 sea snakes (D)
  11 large abominations (D)
  3 Shadow Fiends (D)
  A reaper (D)
  7 small abominations (D)
  A soul eater (D)
  8 crawling corpses (D)
195 creatures vanquished.

Vanquished Creatures (others)
  2 crawling corpses (D)
2 creatures vanquished.

Grand Total: 197 creatures vanquished

Notes
Turn   | Place    | Note
--------------------------------------------------------------
     0 | D        | Monkaria, the Ghoul Fighter, began the quest for the Orb.
     0 | D        | Reached XP level 1. HP: 19/19 MP: 1/1
     4 | D        | Noticed a bag of meat
     4 | D        | Noticed a bag of meat
     5 | D        | Noticed a bag of meat
     5 | D        | Noticed a bag of meat
     5 | D        | Noticed a bag of meat
     7 | D        | Noticed a meat berserker
     8 | D        | Killed a meat berserker
     8 | D        | Reached skill level 16 in Fighting
     8 | D        | Reached XP level 2. HP: 22/50 MP: 2/2
     8 | D        | Reached XP level 3. HP: 25/57 MP: 3/3
     8 | D        | Reached XP level 4. HP: 28/64 MP: 3/3
     8 | D        | Reached XP level 5. HP: 31/71 MP: 4/4
     8 | D        | Reached XP level 6. HP: 34/80 MP: 5/5
     8 | D        | Reached XP level 7. HP: 36/86 MP: 5/5
     8 | D        | Reached XP level 8. HP: 39/94 MP: 6/6
     8 | D        | Reached XP level 9. HP: 41/101 MP: 7/7
     8 | D        | Reached XP level 10. HP: 43/108 MP: 7/7
     8 | D        | Reached XP level 11. HP: 46/116 MP: 8/8
    11 | D        | Became a worshipper of Makhleb the Destroyer
    12 | D        | Killed a bag of meat
    12 | D        | Reached skill level 19 in Fighting
    12 | D        | Reached XP level 12. HP: 49/130 MP: 9/9
    13 | D        | Noticed a bag of meat
    13 | D        | Noticed a bag of meat
    14 | D        | Killed a bag of meat
    14 | D        | Acquired Makhleb's first power
    14 | D        | Reached skill level 20 in Fighting
    14 | D        | Reached XP level 13. HP: 51/141 MP: 9/9
    15 | D        | Noticed a bag of meat
    15 | D        | Killed a bag of meat
    15 | D        | Reached skill level 21 in Fighting
    15 | D        | Reached XP level 14. HP: 114/152 MP: 10/10
    15 | D        | Killed a bag of meat
    15 | D        | Acquired Makhleb's second power
    15 | D        | Reached skill level 22 in Fighting
    16 | D        | Noticed a bag of meat
    17 | D        | Noticed a bag of meat
    18 | D        | Noticed a bag of meat
    19 | D        | Noticed a bag of meat
    20 | D        | Noticed a meat berserker
    20 | D        | Noticed a meat berserker
    20 | D        | Noticed a meat berserker
    20 | D        | Killed a bag of meat
    20 | D        | Reached skill level 23 in Fighting
    20 | D        | Reached XP level 15. HP: 162/166 MP: 11/11
    21 | D        | Killed a bag of meat
    21 | D        | Acquired Makhleb's third power
    21 | D        | Reached skill level 24 in Fighting
    22 | D        | Killed a meat berserker
    22 | D        | Reached skill level 25 in Fighting
    22 | D        | Killed a meat berserker
    22 | D        | Reached skill level 26 in Fighting
    22 | D        | Reached XP level 16. HP: 177/180 MP: 11/11
    23 | D        | Killed a bag of meat
    23 | D        | Acquired Makhleb's fourth power
    23 | D        | Reached skill level 27 in Fighting
    24 | D        | Killed a meat berserker
    24 | D        | Reached skill level 27 in Axes
    25 | D        | Killed a bag of meat
    25 | D        | Acquired Makhleb's fifth power
    26 | D        | Killed a bag of meat
    26 | D        | Reached skill level 10 in Dodging
    26 | D        | Reached XP level 17. HP: 191/191 MP: 12/12
    27 | D        | Noticed a large bag of meat
    29 | D        | Killed a bag of meat
    30 | D        | Noticed a meat berserker
    30 | D        | Noticed a destroyer
    31 | D        | Noticed a bag of meat
    31 | D        | Noticed a meat berserker
    32 | D        | Noticed a destroyer
    32 | D        | Noticed a bag of meat
    32 | D        | Noticed The Servant
    33 | D        | Noticed a meat berserker
    34 | D        | Noticed a bag of meat
    35 | D        | Noticed a bag of meat
    35 | D        | Noticed a meat berserker
    35 | D        | Killed a destroyer
    35 | D        | Killed a meat berserker
    35 | D        | Reached skill level 15 in Dodging
    36 | D        | Noticed a meat berserker
    36 | D        | Noticed a bag of meat
    36 | D        | Killed a meat berserker
    36 | D        | Reached XP level 18. HP: 200/200 MP: 13/13
    36 | D        | Killed a bag of meat
    37 | D        | Killed a large bag of meat
    37 | D        | Reached skill level 27 in Armour
    39 | D        | Noticed a bag of meat
    39 | D        | Noticed a bag of meat
    39 | D        | Noticed an eight-headed meat hydra
    39 | D        | Killed a meat berserker
    40 | D        | Killed a destroyer
    40 | D        | Killed a bag of meat
    40 | D        | Reached XP level 19. HP: 207/207 MP: 13/13
    41 | D        | Noticed a large bag of meat
    41 | D        | Killed a meat berserker
    41 | D        | Reached skill level 27 in Dodging
    42 | D        | Noticed a bag of meat
    42 | D        | Noticed a bag of meat
    42 | D        | Noticed a meat berserker
    43 | D        | Noticed a destroyer
    43 | D        | Noticed a sculptor of flesh
    43 | D        | Noticed a destroyer
    43 | D        | Killed The Servant
    44 | D        | Noticed a bag of meat
    44 | D        | Killed a bag of meat
    44 | D        | Killed a bag of meat
    44 | D        | Killed a bag of meat
    44 | D        | Reached XP level 20. HP: 216/216 MP: 13/38
    45 | D        | Noticed a bag of meat
    45 | D        | Noticed a destroyer
    46 | D        | Killed a meat berserker
    47 | D        | Noticed a bag of meat
    47 | D        | Noticed a destroyer
    47 | D        | Noticed a destroyer
    47 | D        | Killed a bag of meat
    47 | D        | Killed a bag of meat
    47 | D        | Reached skill level 27 in Invocations
    48 | D        | Noticed a bag of meat
    48 | D        | Killed a destroyer
    49 | D        | Noticed a bag of meat
    49 | D        | Noticed an accursed
    49 | D        | Killed a nine-headed meat hydra
    50 | D        | Noticed a large bag of meat
    50 | D        | Killed a destroyer
    50 | D        | Reached skill level 27 in Shields
    50 | D        | Reached skill level 5 in Spellcasting
    50 | D        | Reached XP level 21. HP: 224/224 MP: 14/41
    50 | D        | Killed a sculptor of flesh
    52 | D        | Killed a large bag of meat
    52 | D        | Reached skill level 10 in Spellcasting
    53 | D        | Killed a destroyer
    54 | D        | Noticed a bag of meat
    54 | D        | Noticed a meat berserker
    54 | D        | Killed a meat berserker
    56 | D        | Noticed a bag of meat
    56 | D        | Killed a bag of meat
    56 | D        | Reached skill level 15 in Spellcasting
    57 | D        | Noticed a meat berserker
    57 | D        | Noticed a destroyer
    57 | D        | Killed a bag of meat
    57 | D        | Reached skill level 27 in Stealth
    57 | D        | Killed a meat berserker
    57 | D        | Reached XP level 22. HP: 233/233 MP: 14/43
    57 | D        | Killed a bag of meat
    58 | D        | Killed a bag of meat
    60 | D        | Killed a meat berserker
    60 | D        | Killed a bag of meat
    60 | D        | Killed a destroyer
    60 | D        | Reached skill level 27 in Spellcasting
    61 | D        | Killed a bag of meat
    61 | D        | Reached skill level 10 in Throwing
    62 | D        | Killed a bag of meat
    64 | D        | Noticed a dread
    64 | D        | Noticed a destroyer
    64 | D        | Killed a bag of meat
    64 | D        | Reached XP level 23. HP: 240/240 MP: 15/47
    65 | D        | Killed a destroyer
    66 | D        | Noticed a meat beast
    67 | D        | Killed an accursed
    67 | D        | Killed a destroyer
    67 | D        | Killed a destroyer
    68 | D        | Noticed a meat berserker
    68 | D        | Killed a meat beast
    69 | D        | Killed a large bag of meat
    70 | D        | Noticed a meat berserker
    71 | D        | Noticed a meat beast
    71 | D        | Killed a bag of meat
    71 | D        | Killed a bag of meat
    71 | D        | Reached skill level 27 in Throwing
    71 | D        | Reached XP level 24. HP: 202/249 MP: 17/48
    72 | D        | Noticed a large bag of meat
    72 | D        | Noticed a tyrant
    73 | D        | Noticed a bag of meat
    73 | D        | Noticed a bag of meat
    73 | D        | Noticed an accursed
    73 | D        | Killed a meat beast
    73 | D        | Killed a meat berserker
    73 | D        | Reached skill level 27 in Unarmed Combat
    74 | D        | Killed a meat berserker
    75 | D        | Noticed a meat beast
    75 | D        | Noticed a sculptor of flesh
    76 | D        | Noticed a meat berserker
    78 | D        | Noticed a meat berserker
    78 | D        | Noticed a meat berserker
    79 | D        | Noticed a meat beast
    79 | D        | Killed a dread
    79 | D        | Killed a large bag of meat
    79 | D        | Killed a meat beast
    80 | D        | Noticed an accursed
    80 | D        | Noticed a meat berserker
    80 | D        | Killed a meat berserker
    80 | D        | Killed a tyrant
    80 | D        | Killed a bag of meat
    80 | D        | Reached XP level 25. HP: 257/257 MP: 19/48
    81 | D        | Noticed an eight-headed meat hydra
    81 | D        | Noticed a destroyer
    81 | D        | Noticed a meat berserker
    82 | D        | Killed a meat beast
    82 | D        | Killed a meat berserker
    82 | D        | Killed an accursed
    83 | D        | Killed a bag of meat
    84 | D        | Noticed an eight-headed meat hydra
    84 | D        | Killed a meat berserker
    85 | D        | Noticed a bag of meat
    85 | D        | Noticed a bag of meat
    85 | D        | Noticed a tyrant
    86 | D        | Noticed a bag of meat
    86 | D        | Noticed a bag of meat
    86 | D        | Killed an accursed
    86 | D        | Killed a meat berserker
    86 | D        | Killed a bag of meat
    87 | D        | Killed a meat berserker
    88 | D        | Noticed a bag of meat
    88 | D        | Noticed a destroyer
    89 | D        | Noticed an eight-headed meat hydra
    89 | D        | Noticed an eight-headed meat hydra
    89 | D        | Noticed a bag of meat
    89 | D        | Noticed a meat beast
    90 | D        | Noticed an eight-headed meat hydra
    90 | D        | Killed a destroyer
    90 | D        | Reached XP level 26. HP: 198/266 MP: 21/48
    90 | D        | Killed a nine-headed meat hydra
    90 | D        | Killed a bag of meat
    91 | D        | Killed a nine-headed meat hydra
    92 | D        | Noticed an accursed
    93 | D        | Killed a wretched soul
    94 | D        | Killed a bag of meat
    95 | D        | Noticed a bag of meat
    95 | D        | Noticed a dread
    95 | D        | Killed a bag of meat
    95 | D        | Killed a nine-headed meat hydra
    96 | D        | Killed a destroyer
    96 | D        | Killed a bag of meat
    97 | D        | Killed a bag of meat
    97 | D        | Reached XP level 27. HP: 273/273 MP: 23/49
    97 | D        | Killed a wretched soul
    98 | D        | Killed a nine-headed meat hydra
    98 | D        | Killed a nine-headed meat hydra
    98 | D        | Killed a sculptor of flesh
    99 | D        | Noticed a tyrant
    99 | D        | Killed a meat beast
   100 | D        | Killed a bag of meat
   100 | D        | Noticed a meat beast
   101 | D        | Noticed a meat berserker
   101 | D        | Noticed a bag of meat
   101 | D        | Noticed an eight-headed meat hydra
   101 | D        | Killed a tyrant
   102 | D        | Noticed an accursed
   102 | D        | Killed an observer
   103 | D        | Killed a bag of meat
   103 | D        | Killed an observer
   104 | D        | Killed a meat beast
   105 | D        | Killed a tyrant
   105 | D        | Killed a wretched soul
   106 | D        | Killed a meat berserker
   106 | D        | Killed an observer
   106 | D        | Killed a dread
   107 | D        | Noticed a meat berserker
   108 | D        | Noticed The Defiler
   109 | D        | Noticed a bag of meat
   110 | D        | Noticed a bag of meat
   110 | D        | Noticed a dread
   110 | D        | Noticed a dread
   110 | D        | Killed an accursed
   110 | D        | Killed a nine-headed meat hydra
   110 | D        | Killed an observer
   111 | D        | Killed The Defiler
   111 | D        | Killed a bag of meat
   112 | D        | Killed a dread
   114 | D        | Noticed an accursed
   114 | D        | Killed an observer
   116 | D        | Killed a bag of meat
   118 | D        | Noticed a dread
   120 | D        | Killed a bag of meat
   121 | D        | Killed a dread
   123 | D        | Noticed a dread
   123 | D        | Killed an accursed
   123 | D        | Killed an observer
   125 | D        | Killed a dread
   127 | D        | Killed an accursed
   127 | D        | Killed a dread
   129 | D        | Noticed a fleshlord
   130 | D        | Noticed a meat berserker
   133 | D        | Noticed a fleshlord
   134 | D        | Noticed a tyrant
   135 | D        | Noticed a fleshlord
   135 | D        | Noticed a fleshlord
   136 | D        | Noticed an eight-headed meat hydra
   137 | D        | Noticed a fleshlord
   137 | D        | Killed a fleshlord
   138 | D        | Noticed a bag of meat
   138 | D        | Noticed a fleshlord
   138 | D        | Killed a fleshlord
   139 | D        | Killed a fleshlord
   141 | D        | Noticed a bag of meat
   141 | D        | Noticed a bag of meat
   141 | D        | Killed a tyrant
   141 | D        | Killed a nine-headed meat hydra
   142 | D        | Killed an observer
   142 | D        | Killed a fleshlord
   143 | D        | Killed a fleshlord
   143 | D        | Killed a bag of meat
   145 | D        | Killed a bag of meat
   147 | D        | Noticed a dread
   147 | D        | Noticed The Meatlord
   147 | D        | Killed a bag of meat
   150 | D        | Noticed a fleshlord
   150 | D        | Killed a dread
   151 | D        | Noticed a meat berserker
   151 | D        | Noticed a meat beast
   152 | D        | Killed a meat beast
   153 | D        | Noticed a tyrant
   153 | D        | Noticed a dread
   154 | D        | Noticed a sculptor of flesh
   154 | D        | Killed a meat berserker
   155 | D        | Noticed a meat berserker
   156 | D        | Killed a fleshlord
   157 | D        | Noticed a fleshlord
   158 | D        | Killed The Meatlord
   158 | D        | Killed a dread
   160 | D        | Killed a fleshlord
   160 | D        | Killed a meat berserker
   160 | D        | Killed a tyrant
   161 | D        | Noticed a meat berserker
   161 | D        | Killed a meat berserker
   162 | D        | Noticed a meat beast
   162 | D        | Noticed a sculptor of flesh
   164 | D        | Killed a meat berserker
   164 | D        | Killed a sculptor of flesh
   164 | D        | Killed a fleshlord
   164 | D        | Killed a meat beast
   164 | D        | Killed a sculptor of flesh
   166 | D        | Noticed a meat berserker
   166 | D        | Noticed a destroyer
   168 | D        | Killed a destroyer
   169 | D        | Noticed a meat beast
   169 | D        | Killed a meat berserker
   170 | D        | Noticed a meat berserker
   170 | D        | Noticed a fleshlord
   170 | D        | Noticed a dread
   171 | D        | Noticed a sculptor of flesh
   171 | D        | Noticed a destroyer
   171 | D        | Noticed a fleshlord
   172 | D        | Noticed a meat berserker
   172 | D        | Noticed a fleshlord
   172 | D        | Killed a meat beast
   172 | D        | Killed a meat berserker
   173 | D        | Noticed a sculptor of flesh
   174 | D        | Killed a fleshlord
   174 | D        | Killed a sculptor of flesh
   175 | D        | Noticed a bag of meat
   175 | D        | Noticed a bag of meat
   175 | D        | Noticed a bag of meat
   175 | D        | Annihilated by a sculptor of flesh

Action                   |  1- 3 |  4- 6 |  7- 9 | 10-12 | 13-15 | 16-18 | 19-21 | 22-24 | 25-27 || total
-------------------------+-------+-------+-------+-------+-------+-------+-------+-------+-------++-------
Melee: Executioner's axe |     1 |       |       |     2 |     4 |    10 |    14 |    14 |    65 ||   110
  Use: Potion            |     1 |       |       |       |       |       |       |       |       ||     1
